 Dungeon Crawl Stone Soup version 0.19-a0-1072-g3763c35 (webtiles) character file.

182 JeffiDaFish the Firebug (level 5, -5/40 HPs)
             Began as a Draconian Fire Elementalist on Aug 5, 2016.
             Slain by a killer bee (6 damage)
             ... on level 3 of the Dungeon on Aug 8, 2016.
             The game lasted 00:19:28 (3459 turns).

JeffiDaFish the Firebug (DrFE)                      Turns: 3459, Time: 00:19:28

Health: -5/40      AC:  5    Str: 10    XL:     5   Next: 34%
Magic:  6/8        EV: 13    Int: 17    God:
Gold:   145        SH:  0    Dex: 11    Spells: 2 memorised, 6 levels left

rFire  . . .     SeeInvis .     c - +1 spear
rCold  . . .     Gourm    .     (armour unavailable)
rNeg   . . .     Faith    .     (no shield)
rPois  .         Spirit   .     (helmet restricted)
rElec  .         Dismiss  .     (no cloak)
rCorr  .         Reflect  .     (no gloves)
SustAt .         Harm     .     (no boots)
MR     .....                    (no amulet)
Stlth  ++........               (no ring)
                                (no ring)

@: lethally poisoned (-5 -> -6)
A: unfitting armour, cold-blooded, AC +5
a: no special abilities


You were on level 3 of the Dungeon.
You were not hungry.

You visited 1 branch of the dungeon, and saw 4 of its levels.

You collected 145 gold pieces.

Inventory:

Hand Weapons
 c - a +1 spear (weapon)
Jewellery
 g - an uncursed amulet of faith
Scrolls
 d - a scroll of enchant weapon
 i - 3 scrolls of remove curse
 m - a scroll of identify
Books
 a - a book of Flames

   Spells                             Type                      Level
   a - Flame Tongue                   Conjuration/Fire             1
   b - Throw Flame                    Conjuration/Fire             2
   c - Conjure Flame                  Conjuration/Fire             3
   d - Inner Flame                    Hexes/Fire                   3
   e - Sticky Flame                   Conjuration/Fire             4
   f - Fireball                       Conjuration/Fire             5
Comestibles
 b - 4 bread rations
 f - a slice of pizza
 h - 5 chunks of flesh
 j - 2 meat rations


   Skills:
 + Level 1.3 Fighting
 + Level 1.6 Polearms
 + Level 2.8 Dodging
 + Level 2.4 Stealth
 + Level 2.6 Spellcasting
 + Level 1.5 Conjurations
 + Level 3.9 Fire Magic


You had 6 spell levels left.
You knew the following spells:

 Your Spells              Type           Power        Failure   Level  Hunger
a - Flame Tongue          Conj/Fire      ##...        10%         1    #......
b - Throw Flame           Conj/Fire      ##....       12%         2    ##.....


Dungeon Overview and Level Annotations

Branches:
Dungeon (4/15)
 Temple: D:4-7

Altars:
Ru


Innate Abilities, Weirdness & Mutations

Your plain brown scales are hard. (AC +5)
Your body does not fit into most forms of armour.
You are cold-blooded and may be slowed by cold attacks.


Message History

Confirm with . or Enter, or press ? or * to list all spells.
Aiming: Flame Tongue
Press: ? - help, Shift-Dir - straight line, f/p - killer bee
Aim: a killer bee (moderately wounded)
The flame tongue hits the killer bee.
The killer bee is heavily wounded.
You feel sick. The killer bee stings you. The killer bee barely misses you.
The killer bee closely misses you. The killer bee misses you.
The killer bee stings you.
* * * LOW HITPOINT WARNING * * *
The killer bee closely misses you. The killer bee barely misses you.
The killer bee stings you.
* * * LOW HITPOINT WARNING * * *
The killer bee barely misses you. The killer bee closely misses you. x2
The killer bee stings you.
* * * LOW HITPOINT WARNING * * *
The killer bee stings you.
* * * LOW HITPOINT WARNING * * *
The killer bee stings you.
You die...

.###......###########
#.##.##.#..รท........#
##.#)#.############.#
##...########## #.#
####.####...<..# #.#
..........####.# #.#
#....>.##.####.####.########
#...........#..y...........#
.....#.......(yy@....###...#
###..#......#.<...#..# ###.# #
#..##.....##.#..#..# ##.#
###.####.[.###.#..#..# #..#
......###.## #.#..#..# #.## ####
#.###.# #.# #.#.....# ###.###...
#.###.###.# #.#..##.# #P^^PP#...
..........####.#..##.###P.P..####
..###..................#P._.^####


You could see 3 killer bees.

Vanquished Creatures
  An orc wizard (D:3)
  Robin (D:2)
  An adder (D:3)
  3 gnolls (D:3)
  An ooze (D:1)
  A worm (D:2)
  2 dart slugs (D:1)
  4 giant geckos
  6 orcs (D:3)
  3 giant cockroaches
  17 goblins
  8 hobgoblins
  5 jackals
  4 kobolds
  9 bats
  8 giant newts
  12 rats
86 creatures vanquished.

Notes
Turn   | Place    | Note
-------+----------+-------------------------------------------
     0 | D:1      | JeffiDaFish the Draconian Fire Elementalist began the quest for the Orb.
     0 | D:1      | Reached XP level 1. HP: 14/14 MP: 3/3
   122 | D:1      | Reached XP level 2. HP: 19/20 MP: 5/5
   128 | D:1      | Learned a level 2 spell: Throw Flame
   467 | D:1      | Reached XP level 3. HP: 17/26 MP: 6/6
  1038 | D:2      | Noticed Robin
  1062 | D:2      | Killed Robin
  1062 | D:2      | Reached skill level 1 in Polearms
  1324 | D:2      | Reached XP level 4. HP: 33/34 MP: 7/7
  2066 | D:3      | Found a sacrificial altar of Ru.
  2437 | D:3      | Reached skill level 1 in Fighting
  2714 | D:3      | Reached XP level 5. HP: 29/40 MP: 8/8
  3459 | D:3      | HP: 1/40 [killer bee (2)]
  3459 | D:3      | Slain by a killer bee

Vault maps used:
D:1:      zelgadis_glass_arrival_small, serial_corexii_hall,
          corexii_hall_statues_deadend, corexii_hall_statues_t,
          corexii_hall_statues_i, corexii_hall_statues_i,
          corexii_hall_statues_i, corexii_hall_statues_deadend, moated_statue
D:2:      first_bread, uniq_robin
D:3:      nicolae_ru_the_path_less_chosen

Skill      XL: |  1  2  3  4 |
---------------+-------------+-----
Stealth        | 2 |  2.4
Dodging        | 2 |  2.8
Polearms       | 1 |  1.6
Fighting       | 1 |  1.3
Spellcasting   | |  2.6
Conjurations   | |  1.5
Fire Magic     | |  3.9

Action                   |  1- 3 |  4- 6 || total
-------------------------+-------+-------++-------
Melee: Spear             |   103 |   144 ||   247
       Tailslap          |    10 |     9 ||    19
 Cast: Flame Tongue      |    15 |    19 ||    34
       Throw Flame       |       |     5 ||     5
  Use: Scroll            |     4 |     5 ||     9
       Potion            |     1 |     6 ||     7
 Stab: Sleeping          |     4 |     2 ||     6
       Distracted        |       |     2 ||     2
  Eat: Chunk             |     2 |     7 ||     9
Armor: Skin              |    31 |    34 ||    65
Dodge: Dodged            |    53 |   112 ||   165
